Map: [G8] Ancient Cistern

Players

Cure

  • Race: Terran Terran
  • Spawn Location: 7:00

Maru - Winner!

  • Race: Terran Terran
  • Spawn Location: 1:00

Event: Gamers8 2023

VOD

Have the link to the VOD?

Description

Time

  • Played on: Aug. 3, 2023, 12:58 p.m.
  • Length: 24:43

All games in this series

Show
View Real Time Build Order
Export as new Build Order

Cure Terran 

Build Orders:  

Get SALT Encoding   

  12  0:00  SCV  
  13  0:12  SCV  
  14  0:16  Supply Depot  
  14  0:24  SCV  
  15  0:38  SCV  
  15  0:39  Barracks  
  16  0:43  Refinery  
  16  0:50  SCV  
  16  0:52  Refinery  
  17  1:02  SCV  
  18  1:14  SCV  
  19  1:26  Orbital Command, Reaper  
  20  1:40  Factory, Supply Depot  
  20  1:52  SCV  
  21  1:58  Reaper  
  22  2:05  SCV  
  23  2:16  Command Center  
  23  2:17  SCV  
  24  2:23  Hellion  
  24  2:29  SCV  
  27  2:30  Barracks Reactor  
  27  2:38  Starport  
  27  2:41  SCV  
  28  2:46  Supply Depot  
  28  2:47  Factory Tech Lab  
  28  2:53  SCV  
  29  3:05  SCV  
  29  3:06  Marine  
  29  3:07  Marine  
  29  3:09  Siege Tank  
  35  3:18  SCV  
  36  3:23  Medivac  
  36  3:24  Marine  
  39  3:28  Marine  
  39  3:29  Orbital Command  
  39  3:32  SCV  
  41  3:39  Refinery  
  41  3:47  Siege Tank, Marine x2  
  46  3:48  SCV  
  46  3:54  Supply Depot  
  46  3:55  SCV  
  48  4:00  SCV  
  49  4:04  Medivac  
  49  4:08  SCV  
  52  4:11  Marine  
  52  4:12  Marine, Supply Depot  
  52  4:17  SCV  
  55  4:20  SCV  
  55  4:22  Siege Tank  
  59  4:29  SCV, Supply Depot  
  60  4:32  Marine  
  60  4:33  SCV  
  62  4:39  Marine, Starport Tech Lab  
  62  4:43  SCV, Supply Depot  
  62  4:45  SCV  
  65  4:52  Marine  
  66  4:57  Marine  
  66  4:58  Raven  
  66  4:59  Siege Tank  
  72  5:01  SCV x2  
  72  5:06  Supply Depot  
  74  5:09  Marine  
  75  5:15  Marine  
  75  5:16  SCV x2  
  68  5:28  SCV x2  
  68  5:29  Command Center  
  69  5:40  Starport Reactor  
  69  5:41  Barracks  
  70  5:42  SCV  
  70  5:43  SCV  
  70  5:45  Barracks  
  70  5:47  Marine  
  70  5:48  Siege Tank  
  70  5:49  Stimpack  
  75  5:59  SCV x2  
  75  6:05  Marine  
  75  6:06  Engineering Bay  
  75  6:07  Engineering Bay  
  76  6:15  SCV x2  
  76  6:18  Refinery  
  78  6:20  Siege Tank  
  78  6:23  Barracks  
  78  6:25  Starport Reactor  
  81  6:26  Barracks  
  81  6:27  Marine  
  81  6:28  SCV  
  81  6:29  SCV  
  83  6:34  Terran Infantry Armor Level 1, Terran Infantry Weapons Level 1  
  83  6:40  Marine x4  
  83  6:44  Marine  
  88  6:47  Orbital Command  
  88  6:50  Missile Turret  
  88  6:54  Siege Tank  
  88  6:55  Missile Turret  
  88  6:57  SCV x2  
  88  6:58  Missile Turret  
  84  7:02  Marine x4  
  88  7:11  Sensor Tower, Orbital Command  
  88  7:14  SCV x2  
  90  7:18  Barracks Reactor x2, Supply Depot  
  90  7:19  Medivac  
  90  7:20  Supply Depot  
  92  7:25  Marine x5  
  92  7:28  Combat Shield  
  97  7:32  Medivac  
  97  7:35  SCV x2  
  100  7:45  Siege Tank  
  100  7:46  Marine x4  
  100  7:47  Marine  
  100  7:50  Supply Depot  
  108  7:51  Supply Depot  
  108  7:54  SCV  
  108  7:55  SCV  
  108  7:57  Sensor Tower  
  110  8:00  SCV  
  110  8:04  Marine x5  
  117  8:09  SCV x2  
  117  8:11  Medivac x2  
  117  8:12  SCV  
  122  8:14  Armory  
  120  8:21  Marine x4, SCV x2  
  120  8:24  SCV  
  127  8:28  Marine x2  
  127  8:33  SCV x2  
  131  8:35  Siege Tank  
  131  8:36  SCV  
  131  8:39  Marine x2  
  131  8:40  Marine x4  
  138  8:43  Sensor Tower  
  138  8:46  Supply Depot  
  138  8:48  SCV x2  
  140  8:49  SCV  
  138  8:55  Marine x2  
  138  8:56  Marine  
  141  9:06  Marine x3  
  131  9:10  SCV x2  
  131  9:12  Marine, SCV  
  131  9:13  Marine x3  
  131  9:17  Refinery, Terran Infantry Weapons Level 2, Terran Infantry Armor Level 2  
  137  9:18  Refinery  
  137  9:22  SCV  
  137  9:23  Marine  
  140  9:24  Marine x3  
  140  9:30  Marine, Factory  
  143  9:32  Supply Depot  
  143  9:36  Barracks Reactor  
  143  9:37  Siege Tank  
  144  9:42  Marine x3  
  147  9:47  Command Center  
  147  9:48  Medivac  
  149  9:58  Missile Turret  
  149  9:59  Marine x2, Terran Vehicle Weapons Level 1  
  151  10:01  Medivac, Marine  
  153  10:07  Supply Depot  
  153  10:08  Supply Depot  
  153  10:09  Widow Mine  
  153  10:13  Marine x2  
  157  10:28  Medivac, Marine x6  
  157  10:29  Siege Tank, Marine x2  
  157  10:30  Siege Tank  
  173  10:36  Supply Depot  
  173  10:37  Supply Depot  
  173  10:38  Supply Depot  
  173  10:46  Marine  
  173  10:57  Marine x8  
  173  10:58  Marine  
  173  11:01  Barracks x3  
  173  11:04  Siege Tank x2, Marine  
  179  11:15  Marine x5  
  179  11:16  SCV x2  
  179  11:17  SCV  
  187  11:19  Medivac x2  
  187  11:23  Marine x4  
  195  11:30  Marine  
  183  11:33  Marine x5  
  183  11:36  Siege Tank x2  
  183  11:38  Planetary Fortress  
  189  11:41  Marine  
  190  11:48  Terran Infantry Weapons Level 3  
  188  11:56  Terran Infantry Armor Level 3  
  188  11:57  Terran Vehicle Weapons Level 2  
  188  11:58  Marine x2  
  177  12:04  Marine x2  
  177  12:05  Sensor Tower  
  177  12:06  Barracks Reactor  
  179  12:11  Marine x2  
  179  12:13  Marine x4  
  168  12:19  Siege Tank, Marine x2  
  168  12:22  Marine  
  172  12:24  Barracks Reactor  
  172  12:25  Barracks Reactor, Siege Tank  
  172  12:27  Medivac  
  175  12:42  Command Center  
  175  12:51  Siege Tank, Marine x2  
  178  12:52  Marine x4  
  178  12:57  Siege Tank  
  178  12:58  Medivac  
  186  12:59  Marine x4  
  186  13:00  Marine x2  
  186  13:04  Marine x4  
  186  13:05  Medivac  
  195  13:11  Marine x4  
  198  13:14  Marine x2  
  193  13:38  Siege Tank x2, Marine x8  
  193  13:40  Marine x6  
  193  13:41  Medivac x2  
  199  13:49  Marine  
  199  13:53  Planetary Fortress  
  200  14:05  Command Center  
  185  14:11  Marine x8  
  185  14:15  Siege Tank x2  
  181  14:18  Marine x8  
  181  14:24  Terran Vehicle Weapons Level 3  
  183  14:29  Marine x6  
  189  14:37  Marine x4  
  189  14:38  Marine x4  
  193  14:47  Siege Tank x2  
  193  14:52  Marine x2  
  200  15:05  Marine x6  
  185  15:29  Marine x2  
  185  15:30  Marine x8  
  185  15:35  Siege Tank x2  
  200  15:42  Marine x6  
  177  15:45  Medivac x2  
  177  15:47  Marine x4  
  177  15:49  Marine x6  
  182  16:00  Marine x6  
  187  16:05  Marine x4  
  187  16:07  Siege Tank, Marine x3  
  187  16:08  Planetary Fortress  
  197  16:13  Command Center  
  197  16:15  Medivac x2  
  200  16:23  Siege Tank  
  185  16:26  Marine x6  
  185  16:27  Marine x4  
  185  16:29  Marine x5  
  200  16:50  Hi-Sec Auto Tracking, Neosteel Armor  
  200  16:53  Command Center  
  200  16:55  Siege Tank  
  200  16:58  Marine  
  200  16:59  Marine x4  
  197  17:02  Siege Tank  
  197  17:07  Marine x4  
  200  17:11  Medivac  
  194  17:25  Orbital Command  
  194  17:27  Marine x4  
  194  17:29  Command Center  
  198  17:31  Siege Tank  
  190  17:38  Siege Tank  
  190  17:42  Command Center  
  190  17:43  Medivac x2  
  190  17:44  Marine x10  
  184  17:49  Marine x6  
  200  18:11  Orbital Command  
  200  18:13  Refinery  
  200  18:14  Refinery  
  200  18:16  Starport  
  200  18:18  Starport  
  200  18:19  Starport  
  200  18:32  Siege Tank x2  
  191  18:36  Marine x4  
  191  18:37  Marine x6  
  191  18:40  Marine x4  
  198  18:47  Medivac  
  200  18:58  Marine x4  
  200  19:00  Viking  
  200  19:02  Marine x12  
  196  19:04  Siege Tank x2  
  191  19:16  Marine x4  
  191  19:17  Viking  
  195  19:19  Marine x4  
  195  19:20  Marine x5  
  192  19:26  Marine x3  
  192  19:30  Planetary Fortress  
  176  19:34  Marine x4  
  176  19:36  Siege Tank x2  
  176  19:37  Marine x6  
  176  19:38  Marine x3  
  183  19:40  Medivac  
  183  19:44  Marine x3  
  183  19:45  Planetary Fortress  
  188  19:47  Medivac  
  188  19:51  Marine x2  
  188  19:52  Marine  
  193  19:53  Marine  
  193  19:55  Marine x3  
  197  20:08  Siege Tank  
  200  20:26  Marine x2  
  200  20:27  Marine x5  
  199  20:30  Siege Tank, Marine x2  
  199  20:35  Marine x4  
  190  20:36  Marine x3  
  190  20:39  Viking x2  
  195  20:44  Marine x2  
  195  20:45  Marine x5  
  195  20:48  Marine  
  200  20:53  Siege Tank, Marine x2  
  193  21:06  Marine x2  
  193  21:08  Viking  
  193  21:09  Viking  
  191  21:16  Marine x6  
  191  21:22  Marine  
  191  21:24  Marine x2  
  178  21:31  Barracks  
  178  21:32  Barracks x2  
  157  21:33  Barracks  
  157  21:34  Marine x2  
  157  21:36  Marine x2  
  157  21:37  Marine  
  158  21:40  Marine  
  150  21:51  Marine  
  143  21:55  Factory x2  
  138  22:05  Supply Depot x3  
  138  22:06  Supply Depot  
  136  22:08  Barracks  
  135  22:17  SCV  
  135  22:21  Barracks Reactor  
  135  22:22  Barracks Reactor x3  
  136  22:25  Refinery  
  136  22:26  Refinery  
  136  22:29  SCV  
  136  22:41  SCV, Factory Tech Lab x2  
  135  22:53  SCV  
  121  22:59  Thor x2  
  121  23:00  Armory  
  128  23:07  Thor x2  
  128  23:13  Starport x2  
  128  23:14  Starport  
  128  23:17  Barracks  
  123  23:42  Siege Tank  
  126  23:52  Siege Tank  
  113  24:15  Widow Mine  
Show
View Real Time Build Order
Export as new Build Order

Maru Terran - Winner!

Build Orders:  

Get SALT Encoding   

  12  0:00  SCV  
  13  0:12  SCV  
  14  0:17  Supply Depot  
  14  0:24  SCV  
  15  0:38  SCV  
  15  0:39  Barracks  
  16  0:43  Refinery  
  16  0:50  SCV  
  16  0:53  Refinery  
  17  1:02  SCV  
  18  1:14  SCV  
  19  1:26  Reaper  
  19  1:27  Orbital Command  
  19  1:31  Supply Depot  
  20  1:43  Factory  
  20  1:53  SCV  
  21  1:59  Barracks Reactor  
  21  2:05  SCV  
  22  2:17  SCV  
  22  2:21  Command Center  
  23  2:28  Hellion  
  23  2:29  SCV  
  26  2:35  Reaper x2  
  28  2:38  Supply Depot  
  28  2:41  SCV  
  29  2:49  Hellion  
  31  2:57  Barracks  
  31  3:00  SCV  
  32  3:08  Marine  
  32  3:09  Marine  
  32  3:12  SCV, Factory Tech Lab  
  35  3:24  SCV  
  36  3:28  Marine x2  
  36  3:32  Cyclone  
  36  3:33  Orbital Command  
  41  3:36  SCV  
  42  3:46  Barracks Tech Lab  
  42  3:48  SCV  
  42  3:49  Marine x2  
  42  3:55  Supply Depot  
  45  3:59  SCV  
  45  4:00  SCV  
  47  4:05  Stimpack  
  47  4:09  Marine  
  47  4:10  Marine x2  
  47  4:11  SCV  
  47  4:12  SCV  
  47  4:14  Starport  
  47  4:15  Factory Reactor  
  52  4:23  SCV, Supply Depot  
  53  4:24  SCV  
  53  4:27  Marine x2  
  53  4:28  Marine  
  57  4:35  SCV  
  57  4:36  Supply Depot  
  57  4:37  SCV  
  59  4:45  Marine x3  
  59  4:47  SCV  
  59  4:49  SCV  
  64  4:58  Medivac x2  
  68  5:00  Siege Tank, SCV  
  68  5:03  Supply Depot  
  68  5:06  SCV  
  72  5:07  Marine  
  72  5:08  Marine x2  
  72  5:12  SCV  
  76  5:18  SCV  
  64  5:24  SCV  
  64  5:25  Marine x2  
  65  5:30  SCV  
  65  5:32  Siege Tank  
  65  5:33  Marine  
  70  5:36  SCV  
  70  5:38  Command Center  
  70  5:42  SCV  
  72  5:43  Marine x2  
  72  5:45  Combat Shield  
  75  5:50  SCV  
  75  5:51  Marine  
  75  5:52  Supply Depot  
  75  5:53  Refinery  
  75  5:54  SCV  
  77  6:01  Marine  
  78  6:15  Refinery, Engineering Bay x2  
  78  6:18  Barracks, Supply Depot  
  78  6:22  Starport Reactor, Supply Depot  
  78  6:24  Siege Tank, SCV x2  
  81  6:36  SCV x2  
  83  6:43  Terran Infantry Weapons Level 1  
  83  6:48  Barracks, SCV x2  
  83  6:49  Barracks  
  83  6:51  Terran Infantry Armor Level 1  
  85  7:00  SCV x2  
  87  7:04  Marine x3  
  87  7:05  Marine  
  87  7:06  Marine  
  92  7:09  Medivac x2  
  92  7:12  SCV x2  
  98  7:20  Siege Tank  
  98  7:22  Marine x2  
  103  7:24  SCV x2, Orbital Command  
  105  7:36  SCV  
  105  7:37  SCV  
  107  7:38  Supply Depot  
  107  7:39  Marine  
  107  7:40  Barracks Reactor x2  
  108  7:44  Armory  
  108  7:48  Supply Depot  
  108  7:49  SCV x2  
  110  7:51  Marine x3  
  110  7:55  SCV  
  110  7:57  Supply Depot  
  114  7:58  Marine x2  
  114  8:01  SCV x2  
  114  8:02  Siege Tank  
  121  8:08  SCV  
  121  8:13  Refinery x2, SCV, Supply Depot  
  122  8:20  Medivac x2  
  122  8:21  Marine x3  
  122  8:22  Marine x2, SCV  
  122  8:23  SCV  
  133  8:32  Command Center  
  133  8:40  Marine x5  
  133  8:41  Terran Infantry Weapons Level 2  
  135  8:44  SCV x2  
  137  8:50  Viking x2  
  137  8:51  Marine x2  
  137  8:55  Siege Tank  
  143  8:58  SCV x2  
  143  8:59  Factory  
  143  9:00  Supply Depot  
  137  9:03  Marine  
  137  9:04  Marine x4  
  137  9:06  Barracks Reactor  
  137  9:08  Marine  
  137  9:09  Marine  
  129  9:11  Marine  
  129  9:15  SCV x3  
  133  9:20  Terran Infantry Armor Level 2  
  133  9:21  Marine x3  
  136  9:27  Viking  
  136  9:28  Sensor Tower  
  136  9:30  Viking  
  140  9:35  Terran Vehicle Weapons Level 1  
  140  9:38  Marine x2  
  141  9:41  Siege Tank  
  141  9:42  SCV x3  
  148  9:53  Marine x2  
  148  9:54  SCV x2  
  148  9:55  Missile Turret  
  152  10:01  SCV, Supply Depot  
  152  10:06  SCV  
  156  10:07  Siege Tank  
  156  10:08  Liberator x2  
  156  10:10  Marine  
  156  10:12  SCV  
  156  10:13  Sensor Tower  
  163  10:14  Marine, Supply Depot  
  163  10:15  Marine  
  163  10:19  Supply Depot  
  163  10:20  Supply Depot  
  165  10:23  Planetary Fortress  
  165  10:27  Siege Tank  
  168  10:32  Barracks  
  168  10:35  Refinery  
  168  10:36  Marine x3  
  168  10:37  Refinery  
  171  10:45  Starport, SCV x3  
  171  10:47  Starport  
  174  10:51  Viking x2  
  178  10:59  Missile Turret  
  178  11:00  Missile Turret  
  178  11:04  Command Center  
  178  11:16  Siege Tank x2  
  184  11:21  Viking x2  
  184  11:24  Starport Tech Lab x2  
  188  11:29  Terran Infantry Weapons Level 3  
  177  11:34  Marine  
  177  11:35  Missile Turret  
  177  11:36  Missile Turret  
  177  11:45  Terran Infantry Armor Level 3  
  177  11:48  Siege Tank x2  
  182  11:58  Raven  
  182  11:59  Raven  
  186  12:04  Command Center x2  
  186  12:05  Command Center  
  184  12:08  Missile Turret  
  184  12:13  Marine x2  
  168  12:19  Medivac  
  168  12:20  Medivac, Siege Tank x2  
  171  12:33  Marine x2  
  171  12:35  Sensor Tower  
  173  12:42  Missile Turret  
  173  12:46  Missile Turret  
  173  12:49  Marine x6  
  173  12:50  Marine  
  173  12:51  Command Center x2  
  162  12:52  Siege Tank  
  162  12:53  Siege Tank  
  162  12:55  Marine  
  169  13:01  Marine x2  
  169  13:03  Planetary Fortress  
  171  13:06  Sensor Tower  
  171  13:07  Marine  
  171  13:09  Raven x2  
  176  13:15  Command Center  
  176  13:16  Command Center  
  176  13:21  Missile Turret  
  176  13:22  Marine x3  
  176  13:26  Armory  
  179  13:27  Terran Vehicle Weapons Level 2  
  178  13:37  Liberator x2  
  178  13:38  Marine x5  
  178  13:43  SCV x4  
  182  13:56  Sensor Tower, Liberator x2  
  181  14:10  Marine x3  
  181  14:11  Siege Tank x2, Marine  
  181  14:14  Marine  
  181  14:15  Marine  
  177  14:39  Raven x2  
  177  14:40  Sensor Tower  
  177  14:41  Orbital Command  
  181  14:46  Terran Vehicle And Ship Armor Level 1  
  181  14:47  Orbital Command x2  
  157  15:00  Siege Tank x2, Marine x6  
  157  15:03  Orbital Command  
  169  15:07  Sensor Tower  
  169  15:10  Orbital Command  
  169  15:13  SCV  
  169  15:14  SCV x3  
  173  15:15  SCV  
  173  15:19  Marine x3  
  177  15:28  Marine  
  174  15:30  Marine x3  
  174  15:32  Siege Tank, Marine  
  174  15:33  Marine  
  173  15:40  Siege Tank  
  173  15:41  Marine  
  173  15:42  Marine x2  
  153  15:46  Marine  
  153  15:47  Marine x2, Orbital Command  
  153  15:48  Marine  
  156  15:53  Marine x2  
  155  16:01  Marine  
  155  16:02  Marine  
  151  16:04  Orbital Command  
  151  16:09  Raven x2  
  151  16:20  Marine  
  151  16:21  Marine  
  148  16:35  Sensor Tower  
  148  16:38  Marine x2  
  148  16:39  Marine x2  
  152  16:42  Terran Vehicle And Ship Armor Level 2  
  152  16:43  Raven  
  154  16:53  Marine  
  154  16:54  Siege Tank, Marine x2  
  155  16:59  Siege Tank, Marine x3  
  164  17:06  Marine x2, Raven  
  160  17:17  Sensor Tower, Raven  
  162  17:24  Marine x2  
  162  17:25  Marine  
  162  17:26  Siege Tank  
  168  17:30  Orbital Command  
  168  17:35  Marine x3  
  168  17:37  Siege Tank  
  169  17:42  Raven  
  167  17:50  Marine x2  
  169  17:54  Supply Depot x2  
  169  17:55  Marine x2  
  171  17:58  Siege Tank  
  171  17:59  Marine  
  171  18:04  Marine  
  171  18:05  Marine x3  
  179  18:10  Supply Depot  
  179  18:15  Marine  
  171  18:35  Siege Tank x2  
  171  18:36  Marine x6  
  181  18:44  Marine x2  
  181  18:45  Medivac x2  
  181  18:47  Refinery  
  181  18:48  Marine x2  
  188  19:01  Marine  
  188  19:02  Marine x5  
  183  19:07  Siege Tank  
  184  19:12  Medivac x2  
  183  19:30  Marine x5  
  160  19:35  Marine x2  
  156  19:39  Marine  
  156  19:40  Orbital Command  
  157  19:47  Raven  
  157  19:48  Orbital Command  
  157  19:52  Marine x2  
  161  19:54  Marine  
  161  19:57  Marine x2  
  164  20:07  Marine x2  
  164  20:11  Marine  
  159  20:18  Orbital Command  
  99  21:54  Orbital Command  
  99  22:03  Orbital Command  
  94  22:54  Orbital Command  
Tags
 
Add a new tag
Caveats
  • Supply blocks, unpowered buildings, or Contaminate may cause inaccurate times.
  • Supply counts are checked every 10 seconds.